 Dungeon Crawl Stone Soup version 0.18.1-48-g4cf74bf (webtiles) character file.

7002 negitausen the Protected (level 10, -8/123 HPs)
             Began as a Demonspawn Berserker on Sept 12, 2016.
             Was a High Priest of Trog.
             Mangled by a chaos spawn (15 damage)
             ... summoned by an orc high priest
             ... on level 1 of the Orcish Mines.
             The game lasted 01:05:12 (7299 turns).

negitausen the Protected (Demonspawn Berserker)     Turns: 7299, Time: 01:05:12

Health: -8/123     AC: 30    Str: 23    XL:     10   Next: 82%
Magic:  10/10      EV:  2    Int:  8    God:    Trog [*****.]
Gold:   583        SH:  0    Dex: 13    Spells: 0 memorised, 9 levels left

rFire  . . .     SeeInvis .     Q - +0 great sword (protect)
rCold  . . .     Gourm    .     (armour currently unavailable)
rNeg   + + +     Faith    .     (shield currently unavailable)
rPois  +         Spirit   .     (helmet currently unavailable)
rElec  .         Dismiss  .     (cloak currently unavailable)
rCorr  .         Reflect  .     (gloves currently unavailable)
SustAt .         Harm     .     (boots currently unavailable)
MR     +....     NoTele   +     (no amulet)
Stlth  +++.......               x - ring of protection from magic
                                (no ring)

@: confused, tree-form, very slightly contaminated, slowed, invisible, very
slow, somewhat resistant to hostile enchantments, fairly stealthy
A: (horns 0), (yellow scales 0), mutation resistance 1, nightstalker 2, powered
by death 1, strong 1
a: Berserk, Trog's Hand, Brothers in Arms, Burn Spellbooks, Renounce Religion


You were on level 1 of the Orcish Mines.
You worshipped Trog.
Trog was extremely pleased with you.
You were not hungry.
You were a tree.
You visited 3 branches of the dungeon, and saw 11 of its levels.

You collected 583 gold pieces.

Inventory:

Hand Weapons
 a - a +0 falchion
 s - a +1 hunting sling of freezing
 u - a +2 hand axe of freezing
 H - a +0 long sword
 J - a +0 trident of venom
 Q - a +0 great sword of protection (weapon)
Missiles
 d - 38 bolts
 f - 219 stones (quivered)
 q - 4 poisoned tomahawks
 t - 16 sling bullets
 y - 99 arrows
 I - 3 poisoned javelins
 M - 2 tomahawks of returning
Armour
 b - a +0 animal skin
 c - a +2 animal skin
 e - a +0 leather armour
 h - a +0 chain mail
 i - a +0 ring mail
 p - a +0 plate armour
 D - a +0 leather armour of cold resistance
 E - a +0 cloak (melded)
 O - a +2 ring mail of magic resistance (melded)
 R - a +1 robe of fire resistance
Magical Staves
 P - an uncursed staff of fire {unknown}
Jewellery
 v - a -3 ring of intelligence
 x - a ring of protection from magic (right branch)
 F - an uncursed ring of wizardry {unknown}
Scrolls
 l - 3 scrolls of blinking
 o - 2 scrolls of teleportation
 z - 3 scrolls of identify
 A - a scroll of immolation
 C - 4 scrolls of remove curse
 K - a scroll of random uselessness
Potions
 g - 5 potions of curing
 m - 2 potions of cancellation
 n - 3 potions of brilliance
 w - a potion of agility
 B - a potion of heal wounds
 L - a potion of might
Comestibles
 j - a meat ration
 k - 3 bread rations
 r - a royal jelly
 N - 11 fruits
 S - 3 chunks of flesh


   Skills:
 + Level 8.9 Fighting
 + Level 8.3 Long Blades
 + Level 0.6 Throwing
 + Level 9.5 Armour
 + Level 4.8 Dodging
 + Level 2.5 Stealth


You had 9 spell levels left.
You didn't know any spells.

Dungeon Overview and Level Annotations

Branches:
Dungeon (9/15)             Temple (1/1) D:6             Orc (1/2) D:9
   Lair: D:8-11

Altars:
Ashenzari
Cheibriados
Dithmenos
Fedhas
Gozag
Makhleb
Nemelex Xobeh
Okawaru
Pakellas
Qazlal
Ru
Sif Muna
Trog
Vehumet
Xom
Yredelemnul
Zin
The Shining One

Annotations:
D:9 1 exclusion
Orc:1 Josephine


Innate Abilities, Weirdness & Mutations

((You have a pair of horns on your head.))
((You are partially covered in yellow scales (AC +2).))
You are significantly more attuned to the shadows.
You regenerate a little health from kills.
You are somewhat resistant to further mutation.
Your muscles are strong. (Str +2)


Message History

The orc warrior misses you.
The orc high priest prays to Beogh.
The orc high priest is healed somewhat.
The chaos spawn hits you!
* * * LOW HITPOINT WARNING * * *
You fade into invisibility!
You are very lightly contaminated with residual magic.
A wraith comes into view.
Drink which item? (? for menu, Esc to quit)
You turn into a tree.
Your +0 cloak melds into your body.
Your +2 ring mail of magic resistance melds into your body.
You feel less resistant to hostile enchantments.
Your roots penetrate the ground.
The sun demon hits you but does no damage.
The wraith hits you but does no damage. The wraith barely misses you.
The wraith hits you but does no damage.
The orc high priest hits you but does no damage.
The chaos spawn hits you!
* * * LOW HITPOINT WARNING * * *
The chaos spawn freezes you!
You die...

......$....#
.........#..
............
...o3o...#..
#.#.3oW.....
...O3♣@§....
#....WWo....
............
#.#...W...$#
# #.......o#
#..#......


You could see Josephine, an orc high priest, a sun demon, a smoke demon, a chaos
spawn, 4 wraiths, an orc sorcerer, 2 orc warriors, an ogre and an orc wizard.

Vanquished Creatures
  A flayed ghost (D:9)
  The ghost of appiemonkey the Skirmisher, an amateur MiFi (D:4)
  Prince Ribbit (D:7)
  2 two-headed ogres (D:9)
  A shadow (D:9)
  4 wraiths (D:9)
  5 yaks (D:9)
  2 wyverns (D:9)
  2 fire bats (D:9)
  Menkaure (D:6)
  A hungry ghost (D:8)
  A hippogriff (D:8)
  A water moccasin (D:7)
  3 sky beasts
  An orc warrior (D:8)
  2 ice beasts
  A phantom (D:5)
  2 wasps
  5 ogres
  2 centaurs
  3 giant frogs (D:7)
  A scorpion (D:8)
  6 killer bees (D:9)
  A howler monkey (D:5)
  A centaur zombie (D:3)
  3 quasits
  5 orc priests
  7 hounds
  A jelly (D:8)
  7 orc wizards
  A centaur skeleton (D:5)
  2 giant frog skeletons
  An iguana (D:9)
  8 worker ants
  3 hound skeletons
  A worker ant zombie (D:5)
  Robin (D:3)
  A howler monkey skeleton (D:4)
  8 adders
  A shadow imp (D:8)
  An ooze (D:2)
  2 adder skeletons
  3 worms
  5 giant geckos
  38 orcs
  14 bats
  5 giant cockroaches
  12 goblins
  8 hobgoblins
  10 jackals
  3 quokkas
  4 ball pythons
  A giant gecko skeleton (D:8)
  5 giant newts
  A jackal skeleton (D:4)
  7 kobolds
  A quokka skeleton (D:4)
  A quokka zombie (D:9)
  4 rats
226 creatures vanquished.

Vanquished Creatures (others)
  An orc wizard (D:5)
1 creature vanquished.

Grand Total: 227 creatures vanquished

Notes
Turn   | Place    | Note
--------------------------------------------------------------
     0 | D:1      | negitausen the Demonspawn Berserker began the quest for the Orb.
     0 | D:1      | Reached XP level 1. HP: 18/18 MP: 1/1
   293 | D:1      | Gained mutation: You have a pair of small horns on your head. [demonic ancestry]
   293 | D:1      | Reached XP level 2. HP: 7/24 MP: 2/2
   352 | D:1      | Reached skill level 2 in Armour
   645 | D:1      | Gained mutation: You regenerate a little health from kills. [demonic ancestry]
   645 | D:1      | Reached XP level 3. HP: 27/29 MP: 3/3
   810 | D:2      | Reached ** piety under Trog
  1258 | D:2      | Gained mutation: Your muscles are strong. (Str +2) [potion of mutation]
  1258 | D:2      | Gained mutation: You are somewhat resistant to further mutation. [potion of mutation]
  1556 | D:3      | Gained mutation: You are slightly more attuned to the shadows. [demonic ancestry]
  1556 | D:3      | Reached XP level 4. HP: 25/36 MP: 4/4
  1605 | D:3      | Noticed Robin
  1633 | D:3      | Killed Robin
  1633 | D:3      | Reached XP level 5. HP: 36/42 MP: 5/5
  1660 | D:3      | Reached skill level 3 in Armour
  1807 | D:3      | Reached *** piety under Trog
  2072 | D:4      | Found a bloodstained altar of Trog.
  2158 | D:4      | Found a sacrificial altar of Ru.
  2278 | D:4      | Noticed appiemonkey's ghost (amateur MiFi)
  2314 | D:4      | Killed appiemonkey's ghost
  2314 | D:4      | Reached XP level 6. HP: 10/49 MP: 6/6
  2509 | D:4      | Gained mutation: You are significantly more attuned to the shadows. [demonic ancestry]
  2509 | D:4      | Reached XP level 7. HP: 47/55 MP: 7/7
  2521 | D:4      | Reached skill level 4 in Armour
  2586 | D:4      | Reached skill level 5 in Fighting
  2719 | D:5      | Entered Level 5 of the Dungeon
  2802 | D:5      | Found a basalt altar of Yredelemnul.
  2855 | D:5      | Found an oddly glowing altar of Pakellas.
  2925 | D:5      | Reached skill level 5 in Long Blades
  3292 | D:5      | Gained mutation: You have a pair of horns on your head. [demonic ancestry]
  3292 | D:5      | Reached XP level 8. HP: 60/64 MP: 8/8
  3302 | D:5      | Reached **** piety under Trog
  3376 | D:5      | Reached skill level 5 in Armour
  3453 | D:5      | Reached skill level 1 in Stealth
  3741 | D:6      | Found a staircase to the Ecumenical Temple.
  3755 | Temple   | Entered the Ecumenical Temple
  3915 | D:6      | Noticed Menkaure
  3931 | D:6      | Killed Menkaure
  4260 | D:7      | Found an opulent altar of Gozag.
  4302 | D:7      | Reached skill level 6 in Armour
  4448 | D:7      | Noticed Prince Ribbit
  4472 | D:7      | Killed Prince Ribbit
  4472 | D:7      | Gained mutation: You are partially covered in yellow scales (AC +2). [demonic ancestry]
  4472 | D:7      | Reached XP level 9. HP: 58/71 MP: 9/9
  4512 | D:7      | Received a gift from Trog
  4526 | D:7      | Found a shattered altar of Ashenzari.
  4843 | D:7      | Found a deep blue altar of Sif Muna.
  5082 | D:8      | Reached skill level 7 in Armour
  5840 | D:8      | Found a blossoming altar of Fedhas.
  5930 | D:8      | Reached skill level 8 in Armour
  5951 | D:8      | Reached ***** piety under Trog
  6126 | D:9      | Found a staircase to the Orcish Mines.
  6184 | D:9      | Found a shimmering altar of Xom.
  6190 | D:9      | Reached XP level 10. HP: 55/80 MP: 10/10
  6209 | D:9      | Found a burning altar of Makhleb.
  6241 | D:9      | Found a shadowy altar of Dithmenos.
  6253 | D:9      | Found a runed door.
  6255 | D:9      | Found a glowing golden altar of the Shining One.
  6267 | D:9      | Noticed a flayed ghost
  6277 | D:9      | Killed a flayed ghost
  6277 | D:9      | Reached skill level 9 in Armour
  6670 | D:9      | Found a radiant altar of Vehumet.
  6720 | D:9      | Found a sacrificial altar of Ru.
  7146 | D:9      | Received a gift from Trog
  7293 | Orc:1    | Entered Level 1 of the Orcish Mines
  7293 | Orc:1    | Noticed an orc high priest
  7293 | Orc:1    | Noticed an orc sorcerer
  7295 | Orc:1    | Noticed Josephine
  7296 | Orc:1    | Noticed a smoke demon
  7297 | Orc:1    | Noticed a sun demon
  7299 | Orc:1    | Mangled by a chaos spawn

Skill      XL: |  1  2  3  4  5  6  7  8  9 10 |
---------------+-------------------------------+-----
Dodging        | 2 3 4 |  4.8
Armour         | 2 3 4 6 8 9 |  9.5
Long Blades    | 3 4 5 6 7 8 |  8.3
Fighting       | 4 5 6 7 8 |  8.9
Stealth        | 1 2 |  2.5
Throwing       | |  0.6

Action                   |  1- 3 |  4- 6 |  7- 9 | 10-12 || total
-------------------------+-------+-------+-------+-------++-------
Melee: Falchion          |   134 |   189 |   328 |       ||   651
       Headbutt          |    18 |    30 |   131 |    46 ||   225
       Long sword        |       |       |   177 |   165 ||   342
       Great sword       |       |       |       |    40 ||    40
Throw: Stone             |       |       |     6 |       ||     6
Invok: Berserk           |     1 |     1 |     3 |     1 ||     6
       Burn Spellbooks   |       |       |       |     1 ||     1
  Use: Potion            |     8 |     3 |     7 |     1 ||    19
       Scroll            |     4 |     4 |     5 |       ||    13
 Stab: Confused          |       |       |     1 |       ||     1
       Sleeping          |       |       |       |     4 ||     4
  Eat: Bread ration      |     1 |       |     1 |       ||     2
       Chunk             |       |     2 |     1 |     2 ||     5
       Meat ration       |       |     1 |     1 |       ||     2
       Beef jerky        |       |       |     2 |       ||     2
       Fruit             |       |       |       |     4 ||     4
Armor: Leather armour    |    13 |       |       |       ||    13
       Animal skin       |     4 |       |       |       ||     4
       Chain mail        |    43 |    76 |       |       ||   119
       Skin              |       |     9 |       |     4 ||    13
       Plate armour      |       |    10 |   399 |    45 ||   454
       Ring mail         |       |       |       |    40 ||    40
Dodge: Dodged            |    67 |    85 |   221 |   109 ||   482
